 Dungeon Crawl Stone Soup version 0.27-a0-1591-gc56fcc985a (webtiles) character file.

Game seed: 333695855308416280

2429 Anon1729 the Carver (level 9, -8/121 HPs)
             Began as a Minotaur Monk on July 19, 2021.
             Was a Plaything of Xom.
             Mangled by a sun demon (16 damage)
             ... summoned by Xom
             ... on level 6 of the Dungeon.
             The game lasted 00:06:41 (6427 turns).

Anon1729 the Carver (Minotaur Monk)                 Turns: 6427, Time: 00:06:41

Health: -8/121     AC: 18    Str: 19    XL:     9   Next: 24%
Magic:  8/8        EV:  8    Int:  7    God:    Xom [......]
Gold:   71         SH:  0    Dex: 13    Spells: 8/8 levels left

rFire    . . .     SeeInvis .   a - +0 falchion
rCold    . . .     Faith    .   (no shield)
rNeg     . . .     Spirit   .   z - +2 plate armour of Inaction {rElec Will+}
rPois    .         Reflect  .   (helmet restricted)
rElec    +         Harm     .   o - +0 cloak
rCorr    .         Rampage  .   (no gloves)
Will     +....                  (no boots)
Stlth    ..........             (no amulet)
HPRegen  0.30/turn              m - +4 ring of protection
MPRegen  0.11/turn              (no ring)

@: berserking, very quick
A: horns 2, retaliatory headbutt
a: Renounce Religion


You were on level 6 of the Dungeon.
You worshipped Xom.
You were a very special plaything of Xom.
You visited 1 branch of the dungeon, and saw 6 of its levels.

You collected 743 gold pieces.
You spent 672 gold pieces at shops.

Inventory:

Hand Weapons
 a - a +0 falchion (weapon)
Armour
 b - a +0 robe
 o - a +0 cloak (worn)
 z - the +2 plate armour of Inaction (worn) {rElec Will+}
   (You bought it in a shop on level 5 of the Dungeon)

   rElec:     It insulates you from electricity.
   Will:      It increases your willpower.
Jewellery
 e - a +6 ring of intelligence
 h - a ring of ice
 m - a +4 ring of protection (left hand)
 n - a ring of see invisible
Wands
 p - a wand of digging (5)
 q - a wand of flame (13)
 t - a wand of polymorph (7)
Scrolls
 c - 5 scrolls of identify {unknown}
 d - a scroll of vulnerability {unknown}
 j - a scroll of fog {unknown}
 l - a scroll of brand weapon {unknown}
 r - 2 scrolls of noise {unknown}
 u - a scroll of teleportation {unknown}
 v - 2 scrolls of magic mapping {unknown}
 w - a scroll of enchant armour {unknown}
 y - a scroll of enchant weapon {unknown}
 A - a scroll of immolation {unknown}
Potions
 f - a potion of invisibility {unknown}
 g - a potion of flight {unknown}
 i - 2 potions of cancellation
 k - a potion of brilliance
 s - a potion of berserk rage
 x - a potion of haste {unknown}


   Skills:
 + Level 8.1 Fighting
 * Level 8.9 Long Blades
 + Level 3.3 Armour
 + Level 7.4 Dodging
 - Level 5.0 Stealth


You had 8 spell levels left.
You didn't know any spells.
Your spell library contained the following spells:

 Spells                   Type           Power      Damage    Failure   Level
 Corona                   Hex            0%         N/A       100%        1
 Magic Dart               Conj           0%         1d3       100%        1
 Sting                    Tmut/Pois      0%         1d3       100%        1
 Call Imp                 Summ           0%         N/A       100%        2
 Corpse Rot               Necr/Air       N/A        N/A       100%        2
 Ensorcelled Hibernation  Hex/Ice        0%         N/A       100%        2
 Passwall                 Tmut/Erth      0%         N/A       100%        2
 Poisonous Vapours        Pois/Air       0%         N/A       100%        2
 Mephitic Cloud           Conj/Pois/Air  0%         N/A       100%        3
 Swiftness                Air            0%         N/A       100%        3
 Tukima's Dance           Hex            0%         N/A       100%        3
 Animate Dead             Necr           0%         N/A       100%        4
 Dispel Undead            Necr           0%         3d6       100%        4
 Olgreb's Toxic Radiance  Pois           0%         N/A       100%        4
 Borgnjor's Vile Clutch   Necr/Erth      0%         N/A       100%        5
 Death Channel            Necr           0%         N/A       100%        6
 Invisibility             Hex            0%         N/A       100%        6


Dungeon Overview and Level Annotations

Branches:
Dungeon (6/15)             Temple (0/1) D:5

Altars:
Dithmenos
Fedhas
Ru
Xom
Yredelemnul

Shops:
D:5 [

Annotations:
D:3 Grinder


Innate Abilities, Weirdness & Mutations

You have a pair of horns on your head.
You reflexively headbutt those who attack you in melee.


Message History

The ufetubus is almost dead.
The sun demon hits you!
You are engulfed in flames!
The ogre hits you but does no damage. The ufetubus hits you.
The ufetubus barely misses you.
You miss the ufetubus.
The ufetubus is almost dead.
The sun demon hits you but does no damage.
The ufetubus barely misses you.
You riposte.
You slash the ufetubus!
You kill the ufetubus!
You hit the sun demon but do no damage.
The sun demon is lightly wounded.
The sun demon hits you!
You are engulfed in flames!
* * * LOW HITPOINT WARNING * * *
The ogre hits you with a +0 giant spiked club!
* * * LOW HITPOINT WARNING * * *
You are too injured to fight recklessly!
You are too injured to fight recklessly!
You are too injured to fight recklessly!
You are too injured to fight recklessly!
You are too injured to fight recklessly!
The sun demon barely misses you.
Okay, then.
The sun demon hits you but does no damage.
The sun demon hits you but does no damage.
Okay, then.
Okay, then.
The sun demon hits you but does no damage.
Press: ? - help, v - describe, . - travel
Here: a sun demon (summoned)
The floor.
Unknown command.
Unknown command.
There is a stone staircase leading up here.
It was a potion of berserk rage.
A red film seems to cover your vision as you go berserk!
You feel yourself moving faster!
You feel mighty! The sun demon hits you!
* * * LOW HITPOINT WARNING * * *
You are engulfed in flames!
You die...
Xom bursts into laughter!

#............# #..########.
#............# #..# #......
#.......###..########..###..###.
#.......# #..##...)[.....#..# #.
#####.#####..##.#####..#.#..###.
######.####.#.....####...........
..............##..............>..
######.#####..O3>...........#####
#.## #.###@########.### #..# #.#
#.# #.# ##.####.# #.# #.#
#.##...# #.########.# #.##.#.#
#..........#
#.##...##############
#######.###....#....... ∆
........###......#
######..##.......##


You could see a sun demon (summoned) and an ogre.

Vanquished Creatures
  A centaur zombie (D:6)
  A hornet (D:4)
  Sigmund (D:3)
  A water moccasin (D:6)
  2 ice beasts
  3 ogres
  A sky beast (D:6)
  2 phantoms
  3 scorpions
  A water moccasin zombie (D:6)
  A hound (D:4)
  4 jellies
  A bullfrog skeleton (D:5)
  2 orc priests
  A gnoll shaman (D:4)
  A centaur skeleton (D:6)
  2 iguanas
  Ijyb (D:3)
  4 orc wizards
  A hound skeleton (D:5)
  4 gnolls (D:6)
  9 adders
  A shadow imp (D:6)
  A white imp (D:6)
  2 ufetubi (D:5)
  2 worms
  5 dart slugs
  13 orcs
  10 endoplasms
  4 giant cockroaches
  9 goblins
  11 hobgoblins
  11 kobolds
  6 quokkas
  3 ball pythons
  4 bats
  3 frilled lizards
  4 rats
136 creatures vanquished.

Notes
Turn   | Place    | Note
-------+----------+-------------------------------------------
     0 | D:1      | Anon1729 the Minotaur Monk began the quest for the Orb.
     0 | D:1      | Reached XP level 1. HP: 19/19 MP: 0/0
   274 | D:1      | Reached XP level 2. HP: 26/27 MP: 1/1
   801 | D:1      | Reached XP level 3. HP: 28/33 MP: 2/2
  1335 | D:2      | You fall into a shaft and drop 2 floors!
  1529 | D:4      | Reached XP level 4. HP: 24/41 MP: 3/3
  1945 | D:4      | Noticed a hornet
  1969 | D:4      | Killed a hornet
  1970 | D:4      | Reached skill level 5 in Fighting
  1970 | D:4      | Reached skill level 5 in Long Blades
  1970 | D:4      | Reached XP level 5. HP: 43/48 MP: 4/4
  1970 | D:4      | Reached XP level 6. HP: 50/56 MP: 5/5
  2209 | D:4      | Reached skill level 5 in Dodging
  2322 | D:4      | Reached XP level 7. HP: 46/62 MP: 6/6
  2794 | D:5      | Entered Level 5 of the Dungeon
  2955 | D:5      | Found Zeuluw's Antique Armour Shoppe.
  3142 | D:5      | Reached XP level 8. HP: 48/71 MP: 7/7
  3454 | D:5      | Found a staircase to the Ecumenical Temple.
  3598 | D:3      | Noticed Grinder
  3729 | D:3      | Noticed Ijyb
  3738 | D:3      | Killed Ijyb
  4062 | D:3      | Noticed Sigmund
  4070 | D:3      | Killed Sigmund
  4529 | D:2      | Found a faded altar of an unknown god.
  4948 | D:2      | Became a worshipper of Xom of Chaos
  4962 | D:2      | XOM: silly message
  5056 | D:5      | Bought a shimmering plate armour for 672 gold pieces
  5056 | D:5      | Identified the +2 plate armour of Inaction {rElec Will+}
                  | (You bought it in a shop on level 5 of the Dungeon)
  5096 | D:6      | Reached skill level 5 in Stealth
  5138 | D:6      | Reached skill level 1 in Armour
  5290 | D:6      | XOM: potion effect (berserk rage)
  5326 | D:6      | XOM: potion effect (heal wounds)
  5341 | D:6      | Reached XP level 9. HP: 74/76 MP: 8/8
  5563 | D:6      | Found a shadowy altar of Dithmenos.
  5608 | D:6      | Found a blossoming altar of Fedhas.
  5692 | D:6      | Found a basalt altar of Yredelemnul.
  5701 | D:6      | Found a sacrificial altar of Ru.
  5810 | D:6      | XOM: divination: detect items
  5841 | D:6      | XOM: torment (42/81 hp)
  6160 | D:5      | XOM: summons 5 hostile demons
  6404 | D:6      | XOM: summons 5 hostile demons
  6405 | D:6      | Noticed a sun demon
  6427 | D:6      | Mangled by a sun demon

Illustrated notes

Levels and vault maps discovered:
D:1:      onia_arrival_pyramid, layout_loops_ring, minmay_pentomino_v4
D:2:      layout_loops_ring, basic_ecumenical_altar,
          chequers_serial_rivers_room_b
D:3:      layout_loops_ring, uniq_grinder, uniq_sigmund, uniq_ijyb
D:4:      minmay_polygon_palace, layout_rooms
D:5:      layout_gridville, minmay_temple_entry_statues_pillars, serial_shops,
          shop
D:6:      layout_loops_ring, nicolae_overflow_quartered_altars,
          gammafunk_temple_overflow_elements

Skill      XL: |  1  2  3  4  5  6  7  8  9 |
---------------+----------------------------+-----
Stealth        | 2 3 4 5 |  5.0
Long Blades    | 4 5 6 8 |  8.9
Fighting       | 4 5 6 7 8 |  8.1
Dodging        | 4 5 6 7 |  7.4
Armour         | 2 3 |  3.3

Action                   |  1- 3 |  4- 6 |  7- 9 || total
-------------------------+-------+-------+-------++-------
Melee: Falchion          |    62 |    69 |   317 ||   448
       Headbutt          |    21 |    15 |    75 ||   111
  Use: Potion            |       |     4 |     1 ||     5
 Stab: Sleeping          |     6 |     1 |    18 ||    25
       Distracted        |       |       |     1 ||     1
Armor: Robe              |     7 |    30 |    34 ||    71
       Plate armour      |       |       |   142 ||   142
Dodge: Dodged            |    30 |    52 |   150 ||   232
       Rpst.: Falchion   |     8 |    15 |    41 ||    64

Table legend: (Time is in decaauts)
 A = Elapsed time spent in this place.
 B = Non-inter-level travel time spent in this place.
 C = Inter-level travel time spent in this place.
 D = Time resting spent in this place.
 E = Time spent auto-exploring this place.
 F = Levels seen in this place.
 G = Mean time per level.
                   A        B        C        D        E       F      G
               +--------+--------+--------+--------+--------+-----+--------+
         Total |   6425 |   6097 |    328 |    112 |   4992 |   6 | 1070.8 |
       Dungeon |   6425 |   6097 |    328 |    112 |   4992 |   6 | 1070.8 |
               +--------+--------+--------+--------+--------+-----+--------+

Top non-repeatable levels by time:
     D:4: 1506 daAuts
     D:1: 1240 daAuts
     D:5: 1063 daAuts
     D:6: 1014 daAuts
     D:3: 913 daAuts
     D:2: 687 daAuts
